Map: Overgrowth LE (Void)

Players

losira - Winner!

  • Race: Zerg Zerg
  • Spawn Location: 1:00

herO

  • Race: Protoss Protoss
  • Spawn Location: 7:00

Event: IEM Season 11 - Gyeonggi

VOD

Have the link to the VOD?

Description

Time

  • Played on: Dec. 13, 2016, 9:47 p.m.
  • Length: 8:22

All games in this series

Show
View Real Time Build Order
Export as new Build Order

losira Zerg - Winner!

Build Orders: 3 Hatch before Pool 

Get SALT Encoding   

  12  0:00  Drone  
  13  0:10  Drone  
  14  0:17  Drone, Extractor  
  15  0:21  Overlord  
  15  0:44  Hatchery  
  15  0:48  Drone  
  15  0:52  Drone  
  16  1:16  Hatchery  
  16  1:18  Drone  
  16  1:22  Drone  
  17  1:34  Spawning Pool  
  17  1:38  Drone  
  17  1:41  Drone  
  17  1:44  Extractor  
  17  1:46  Drone  
  18  1:50  Drone  
  19  1:56  Drone  
  20  2:03  Drone  
  20  2:07  Drone  
  22  2:21  Queen x2  
  22  2:22  Zergling x2  
  27  2:26  Drone  
  27  2:28  Drone  
  29  2:30  Zergling x2  
  29  2:31  Drone  
  29  2:35  Drone  
  32  2:39  Drone  
  32  2:43  Overlord  
  33  2:52  Metabolic Boost  
  32  3:00  Queen  
  32  3:01  Queen  
  32  3:04  Overlord  
  35  3:24  Zergling x8  
  35  3:25  Drone x2  
  40  3:28  Drone  
  40  3:29  Drone x2  
  40  3:32  Overlord  
  43  3:38  Spore Crawler  
  43  3:39  Drone  
  43  3:49  Overlord  
  43  3:52  Drone x2  
  45  3:56  Drone  
  45  3:58  Drone  
  45  4:00  Drone  
  46  4:04  Drone x3  
  46  4:06  Drone  
  46  4:09  Drone  
  49  4:12  Extractor  
  49  4:14  Drone x2, Roach Warren  
  49  4:15  Drone  
  50  4:26  Spore Crawler, Hatchery  
  50  4:27  Drone  
  49  4:37  Drone x3  
  50  4:39  Extractor  
  50  4:40  Extractor  
  48  4:46  Drone x3  
  48  4:48  Drone x3  
  48  4:50  Queen  
  55  4:53  Overlord  
  55  4:57  Roach x2  
  59  5:02  Overlord  
  59  5:10  Queen  
  59  5:11  Overlord  
  63  5:14  Roach x3  
  63  5:18  Overlord  
  63  5:21  Roach  
  69  5:22  Roach  
  69  5:24  Roach  
  69  5:27  Roach  
  75  5:31  Queen  
  75  5:34  Roach  
  79  5:37  Roach  
  79  5:39  Zergling x4  
  79  5:42  Zergling x4  
  85  5:46  Overlord  
  85  5:48  Zergling x2  
  86  5:50  Zergling x2  
  86  5:51  Zergling x2  
  86  5:53  Zergling x2  
  86  5:56  Zergling x2  
  90  6:02  Zergling x2  
  90  6:03  Zergling x2  
  91  6:05  Zergling x2  
  91  6:06  Ravager x2, Zergling x2  
  91  6:07  Ravager x4  
  91  6:08  Ravager  
  91  6:09  Ravager  
  91  6:11  Zergling x2  
  102  6:13  Zergling x2  
  102  6:14  Zergling x2  
  102  6:16  Zergling x2  
  102  6:17  Zergling x2  
  106  6:19  Overlord  
  106  6:30  Overlord, Zergling x2  
  106  6:36  Lair  
  100  6:40  Zergling x2  
  100  6:42  Zergling x2  
  100  6:46  Zergling x2  
  95  6:47  Zergling x14  
  95  6:53  Zergling x2  
  97  6:54  Zergling x2  
  97  6:57  Queen  
  97  7:00  Overlord  
  86  7:03  Drone x2  
  86  7:06  Drone  
  86  7:07  Drone  
  79  7:12  Overlord  
  79  7:14  Roach  
  75  7:18  Roach  
  75  7:19  Roach  
  75  7:20  Roach  
  79  7:26  Roach  
  79  7:27  Roach  
  79  7:28  Queen  
  75  7:30  Roach  
  75  7:32  Roach  
  75  7:33  Roach x2  
  83  7:37  Roach  
  83  7:41  Roach, Overseer  
  83  7:42  Roach  
  89  7:47  Roach  
  91  7:52  Roach x2  
  91  7:58  Roach  
  97  8:01  Roach x2  
  97  8:02  Roach  
  97  8:03  Roach  
Show
View Real Time Build Order
Export as new Build Order

herO Protoss 

Build Orders: Oracle Opening 

Get SALT Encoding   

  12  0:00  Probe (Chrono Boost)  
  13  0:12  Pylon  
  13  0:17  Probe (Chrono Boost)  
  14  0:27  Probe (Chrono Boost)  
  15  0:33  Gateway  
  15  0:38  Probe (Chrono Boost)  
  15  0:42  Assimilator  
  16  0:49  Probe (Chrono Boost)  
  17  0:50  Assimilator  
  17  0:59  Probe (Chrono Boost)  
  18  1:10  Probe (Chrono Boost)  
  19  1:16  Pylon  
  19  1:20  Probe (Chrono Boost), Cybernetics Core  
  20  1:27  Zealot  
  20  1:31  Probe (Chrono Boost)  
  23  1:42  Probe (Chrono Boost)  
  25  1:57  Warp Gate, Mothership Core (Chrono Boost), Adept (Chrono Boost)  
  28  2:12  Stargate  
  28  2:15  Probe (Chrono Boost)  
  29  2:23  Adept (Chrono Boost)  
  31  2:30  Pylon  
  31  2:48  Adept (Chrono Boost)  
  31  2:49  Probe  
  34  2:56  Oracle (Chrono Boost)  
  36  3:03  Probe  
  37  3:15  Probe  
  38  3:25  Nexus  
  36  3:29  Oracle (Chrono Boost)  
  39  3:34  Pylon  
  39  3:47  Probe  
  36  3:54  Gateway  
  34  3:59  Probe (Chrono Boost)  
  34  4:01  Gateway  
  30  4:10  Twilight Council  
  30  4:16  Adept  
  33  4:19  Mothership Core (Chrono Boost)  
  34  4:38  Probe (Chrono Boost)  
  35  4:41  Probe (Chrono Boost)  
  36  4:46  Robotics Facility  
  36  4:49  Probe (Chrono Boost)  
  36  4:51  Probe (Chrono Boost)  
  38  4:58  Stalker  
  38  4:59  Probe (Chrono Boost)  
  41  5:02  Probe (Chrono Boost)  
  41  5:06  Dark Shrine  
  42  5:10  Probe (Chrono Boost)  
  42  5:12  Probe (Chrono Boost)  
  44  5:18  Gateway  
  44  5:21  Assimilator  
  44  5:22  Assimilator  
  44  5:24  Probe x2 (Chrono Boost)  
  46  5:33  Probe (Chrono Boost)  
  46  5:34  Probe (Chrono Boost)  
  48  5:36  Adept  
  48  5:37  Warp Prism (Chrono Boost)  
  52  5:44  Probe  
  52  5:45  Pylon  
  52  5:46  Probe  
  54  5:55  Probe  
  55  5:58  Probe  
  56  6:05  Probe  
  56  6:10  Probe  
  58  6:19  Dark Templar x4  
  66  6:29  Pylon x2  
  45  6:48  Probe x2  
  45  6:50  Dark Templar x2  
  46  7:07  Pylon  
  46  7:08  Pylon  
  38  7:10  Probe (Chrono Boost)  
  38  7:11  Pylon  
  38  7:13  Probe (Chrono Boost)  
  34  7:24  Probe (Chrono Boost)  
  35  7:32  Warp Prism (Chrono Boost)  
  34  7:47  Zealot  
  34  7:48  Zealot  
  38  7:51  Pylon  
  38  7:57  Pylon  

Tags
 
Add a new tag
Caveats
  • Supply blocks, unpowered buildings, or Contaminate may cause inaccurate times.
  • Supply counts are checked every 10 seconds.